 Dungeon Crawl Stone Soup version 0.28-a0-1395-g4f6bc678fa (webtiles) character file.

Game seed: 6591807230496108744

73 eustatius the Digger (level 4, -1/41 HPs)
             Began as a Troll Wanderer on Jan 5, 2022.
             Was a Follower of Cheibriados.
             Slain by an adder (2 damage)
             ... on level 3 of the Dungeon.
             The game lasted 00:03:45 (1328 turns).

eustatius the Digger (Troll Wanderer)               Turns: 1328, Time: 00:03:46

Health: -1/41      AC:  4    Str: 21    XL:     4   Next: 8%
Magic:  2/4        EV: 10    Int: 12    God:    Cheibriados [*.....]
Gold:   78         SH:  0    Dex: 12    Spells: 4/5 levels left

rFire   . . .      SeeInvis .   i - +1 dagger (elec)
rCold   . . .      Faith    .   (no shield)
rNeg    . . .      Spirit   .   d - +0 robe
rPois   .          Reflect  .   (helmet restricted)
rElec   .          Harm     .   (no cloak)
rCorr   .          Rampage  .   (gloves unavailable)
Will    .....                   (boots unavailable)
Stlth   +.........              (no amulet)
HPRegen 0.93/turn               (no ring)
MPRegen 0.09/turn               (no ring)

@: very slow
A: large, unfitting armour, claws 3, regeneration 1, shaggy fur 1, tough skin 1
a: Renounce Religion, Bend Time


You were on level 3 of the Dungeon.
You worshipped Cheibriados.
Cheibriados was aware of your devotion.
You visited 1 branch of the dungeon, and saw 3 of its levels.

You collected 78 gold pieces.

Inventory:

Hand Weapons
 a - a +0 club
 i - a +1 dagger of electrocution (weapon)
Missiles
 c - 100 stones
Armour
 d - a +0 robe (worn)
Wands
 b - a wand of polymorph (3) (quivered)
Scrolls
 f - a scroll of teleportation {unknown}
 h - a scroll of torment {unknown}
 j - a scroll of enchant weapon {unknown}
 k - a scroll of immolation {unknown}
 l - a scroll of fog {unknown}
 m - a scroll of summoning {unknown}
Potions
 e - 2 potions of curing
 g - a potion of invisibility {unknown}


   Skills:
 + Level 1.0 Fighting
 + Level 0.2 Short Blades
 + Level 1.3 Maces & Flails
 + Level 1.0 Throwing
 + Level 2.0 Dodging
 + Level 2.1 Unarmed Combat
 + Level 1.1 Spellcasting
 + Level 2.9 Earth Magic
 + Level 1.4 Evocations


You had 4 spell levels left.
You knew the following spells:

 Your Spells              Type           Power      Damage    Failure   Level
a - Sandblast             Erth           14%        2d6       9%          1

Your spell library contained the following spells:

 Spells                   Type           Power      Damage    Failure   Level
 Stone Arrow              Conj/Erth      8%         3d7       45%         3
 Animate Armour           Summ/Erth      8%         N/A       86%         4


Dungeon Overview and Level Annotations

Branches:
Dungeon (3/15)

Altars:
Cheibriados


Innate Abilities, Weirdness & Mutations

You are too large for most types of armour.
You have claws for hands.
Your natural rate of healing is unusually fast.
You are covered in fur. (AC +1)
You have tough skin. (AC +1)


Message History

The adder bites you but does no damage. The hound bites you.
You closely miss the adder. The adder bites you but does no damage.
The hound bites you.
The gnoll hits you from afar with a +0 spear.
The adder bites you but does no damage. The hound barely misses you.
You hit the adder but do no damage. The gnoll closely misses you.
The gnoll hits you with a +0 flail! The hound bites you.
The adder bites you but does no damage.
You hit the adder but do no damage. The hound bites you.
The gnoll hits you from afar with a +0 spear!
* * * LOW HITPOINT WARNING * * *
The gnoll closely misses you. The adder closely misses you.
The hound barely misses you.
Casting: Sandblast (safe; 9% risk of failure)
Confirm with . or Enter, or press ? or * to list all spells.
Aiming: Sandblast (safe; 9% risk of failure)
Press: ? - help, Shift-Dir - straight line, f - adder
Aim: an adder (63% to hit)
The blast of sand misses the adder.
The blast of sand misses the gnoll.
c - 101 stones The adder barely misses you.
The gnoll hits you from afar with a +0 spear.
* * * LOW HITPOINT WARNING * * *
The gnoll barely misses you. The hound completely misses you.
The adder closely misses you.
Casting: Sandblast (safe; 9% risk of failure)
Confirm with . or Enter, or press ? or * to list all spells.
Aiming: Sandblast (safe; 9% risk of failure)
Press: ? - help, Shift-Dir - straight line, f - gnoll, p - adder
Aim: a gnoll, wielding a +0 flail (81% to hit)
The blast of sand hits the gnoll.
The gnoll is moderately wounded.
c - 100 stones The hound barely misses you.
The gnoll hits you from afar with a +0 spear.
* * * LOW HITPOINT WARNING * * *
The gnoll hits you with a +0 flail!
* * * LOW HITPOINT WARNING * * *
The adder bites you.
You die...

#### #....
##..:. ...... .
#$....# ..
......g ...
......g####....
.....gS@.......
....#.h....#.$#
! #.#<...#
#....#.#
#........
######.##.# ...
# ... ..##


You could see a hound, 3 gnolls and an adder.

Vanquished Creatures
  4 adders (D:2)
  2 worms (D:2)
  2 bats (D:2)
  2 endoplasms (D:1)
  4 goblins
  4 hobgoblins
  3 kobolds
  2 quokkas (D:1)
  2 ball pythons (D:2)
  3 frilled lizards
  4 rats
32 creatures vanquished.

Notes
Turn   | Place    | Note
-------+----------+-------------------------------------------
     0 | D:1      | eustatius the Troll Wanderer began the quest for the Orb.
     0 | D:1      | eustatius set off with the following items: a +0 club, a
                  | wand of polymorph (3), 33 stones, a +0 robe, a potion of
                  | curing; and the following spell memorised: Sandblast; and
                  | the following spells available to memorise: Stone Arrow,
                  | Animate Armour
     0 | D:1      | Reached XP level 1. HP: 16/16 MP: 1/1
   199 | D:1      | Reached XP level 2. HP: 4/24 MP: 2/2
   747 | D:2      | Reached skill level 1 in Maces & Flails
   795 | D:2      | Reached XP level 3. HP: 31/32 MP: 3/3
  1046 | D:2      | Reached skill level 1 in Fighting
  1074 | D:2      | Found a faded altar of an unknown god.
  1081 | D:2      | Reached XP level 4. HP: 41/41 MP: 4/4
  1099 | D:2      | Prayed at the altar of an unknown god.
  1099 | D:2      | Became a worshipper of Cheibriados the Contemplative
  1099 | D:2      | Reached * piety under Cheibriados
  1328 | D:3      | HP: 1/41 [gnoll (8)]
  1328 | D:3      | Slain by an adder

Illustrated notes

Levels and vault maps discovered:
D:1:      ncdulo_watergridlock, layout_basic
D:2:      layout_rooms, basic_ecumenical_altar, kennysheep_generic_room_14
D:3:      layout_basic

Skill      XL: |  1  2  3 |
---------------+----------+-----
Maces & Flails | 1 |  1.3
Fighting       | 1 |  1.0
Dodging        | 2 |  2.0
Short Blades   | |  0.2
Throwing       | |  1.0
Unarmed Combat | |  2.1
Spellcasting   | |  1.1
Earth Magic    | |  2.9
Evocations     | |  1.4

Action                   |  1- 3 |  4- 6 || total
-------------------------+-------+-------++-------
Melee: Club              |    86 |       ||    86
       Dagger            |    65 |    14 ||    79
       Punch             |     3 |       ||     3
 Cast: Sandblast         |     1 |     2 ||     3
Armor: Robe              |    63 |    11 ||    74
Dodge: Dodged            |    78 |    15 ||    93

Table legend: (Time is in decaauts)
 A = Elapsed time spent in this place.
 B = Non-inter-level travel time spent in this place.
 C = Inter-level travel time spent in this place.
 D = Time resting spent in this place.
 E = Time spent auto-exploring this place.
 F = Levels seen in this place.
 G = Mean time per level.
                   A        B        C        D        E       F      G
               +--------+--------+--------+--------+--------+-----+--------+
         Total |   1435 |   1395 |     40 |      0 |    814 |   3 |  478.3 |
       Dungeon |   1435 |   1395 |     40 |      0 |    814 |   3 |  478.3 |
               +--------+--------+--------+--------+--------+-----+--------+

Top non-repeatable levels by time:
     D:2: 746 daAuts
     D:1: 680 daAuts
     D:3: 8 daAuts
